[Event "Titled Tuesday Blitz June 21 Late 2022"]
[White "Alexiadis, Hristos"]
[Black "Martinez Reyes, Pedro Ramon"]
[WhiteFideId "4249623"]
[BlackFideId "3901807"]
[WhiteElo "2416"]
[BlackElo "2410"]
[Result "0-1"]
[Round "10"]
[TimeControl "180+1"]
[Date "2022.06.21"]
[WhiteClock "0:01:28"]
[BlackClock "0:00:40"]

1. e4 e6 2. d4 d5 3. Nc3 Nf6 4. Bg5 h6 5. Bxf6 Qxf6 6. exd5 Bb4 7. dxe6 Bxe6 8. Bd3 c5 9. a3 Bxc3+ 10. bxc3 Nc6 11. Ne2 Rd8 12. dxc5 O-O 13. O-O Qe5 14. Rb1 Qxc5 15. Rxb7 Bd5 16. Rb5 Qxa3 17. Qa1 Qd6 18. Rd1 Qc7 19. Nf4 Qxf4 20. Bf1 Be6 21. Re1 Rd2 22. Re2 Rfd8 23. Rxd2 Qxd2 24. Rc5 Ne7 25. Qxa7 Ng6 26. h3 Qe1 27. Rb5 Bc4 28. Rb8 Qxf1+ 29. Kh2 Rxb8 30. Qxb8+ Kh7 31. Qg3 Qe2 32. h4 Qxc2 33. h5 Nf8 34. Qf3 Be6 35. Qe3 Qf5 36. Qe2 Nd7 37. Kg1 Nf6 38. f3 Qxh5 39. c4 Qc5+ 40. Kh2 Qxc4 41. Qd2 Qh4+ 42. Kg1 Qg5 43. Qe2 h5 44. Kh2 h4 45. Qf2 Qg3+ 46. Qxg3 hxg3+ 47. Kxg3 Kg6 48. Kf4 Nd5+ 49. Kg3 Kf5 50. Kf2 g5 51. g3 g4 52. fxg4+ Kxg4 53. Kg2 Nf6 54. Kh2 Nh5 55. Kg2 Nxg3 56. Kh2 f5 57. Kg2 f4 58. Kh2 f3 59. Kg1 Ne4 60. Kh2 Kf4 61. Kg1 Ke3 62. Kf1 Bc4+ 63. Kg1 f2+ 64. Kh2 Ng5 0-1


[Site "https://www.chess.com"]

[Event "Titled Tuesday Blitz June 21 Late 2022"]
[White "Andreikin, Dmitry"]
[Black "Hansen, Eric"]
[WhiteFideId "4158814"]
[BlackFideId "2606771"]
[WhiteElo "2736"]
[BlackElo "2568"]
[Result "1-0"]
[Round "10"]
[TimeControl "180+1"]
[Date "2022.06.21"]
[WhiteClock "0:01:44"]
[BlackClock "0:00:15"]

1. d4 Nf6 2. c4 e6 3. Nf3 b6 4. Bf4 Bb7 5. e3 Bb4+ 6. Nbd2 O-O 7. Bd3 d5 8. O-O Bd6 9. Bg5 Nbd7 10. Rc1 h6 11. Bh4 Qb8 12. cxd5 exd5 13. Ne5 c5 14. f4 c4 15. Bf5 Qc7 16. Qf3 b5 17. Qh3 Bc8 18. Rf3 Ne4 19. Nxe4 dxe4 20. Rg3 Nxe5 21. fxe5 Bxe5 22. dxe5 Qxe5 23. Rf1 Be6 24. Qg4 g6 25. Bxe6 Qxe6 26. Qxe6 fxe6 27. Rxg6+ Kh7 28. Rxe6 Rxf1+ 29. Kxf1 1-0


[Site "https://www.chess.com"]

[Event "Titled Tuesday Blitz June 21 Late 2022"]
[White "Barria Zuniga, Daniel"]
[Black "Reprintsev, Alexander"]
[WhiteFideId "3400816"]
[BlackFideId "14100541"]
[WhiteElo "2605"]
[BlackElo "2483"]
[Result "0-1"]
[Round "10"]
[TimeControl "180+1"]
[Date "2022.06.22"]
[WhiteClock "0:01:25"]
[BlackClock "0:01:09"]

1. d4 d5 2. c4 e5 3. dxe5 d4 4. Nf3 Nc6 5. g3 Nge7 6. Bg2 Ng6 7. O-O Ngxe5 8. Nxe5 Nxe5 9. e3 dxe3 10. Bxe3 Qxd1 11. Rxd1 Nxc4 12. Bf4 Bd6 13. Bxd6 Nxd6 14. Nc3 Be6 15. Rac1 O-O-O 16. b4 Nc4 17. a4 a6 18. b5 Rxd1+ 19. Rxd1 axb5 20. Nxb5 c6 21. Nc3 Rd8 22. Rxd8+ Kxd8 23. Kf1 Kc7 24. Ke2 Bf5 25. Ne4 Bxe4 26. Bxe4 h6 27. Kd3 Nb2+ 28. Kd4 Nxa4 29. Bh7 Kd6 30. Bg8 f6 31. h4 b5 32. Ke4 c5 33. Kf5 c4 34. Kg6 Nc5 35. Kxg7 c3 36. Bh7 b4 37. Kxf6 b3 0-1


[Site "https://www.chess.com"]

[Event "Titled Tuesday Blitz June 21 Late 2022"]
[White "Bayo Milagro, Alvaro"]
[Black "Pakleza, Zbigniew"]
[WhiteFideId "22275240"]
[BlackFideId "1119290"]
[WhiteElo "2270"]
[BlackElo "2467"]
[Result "0-1"]
[Round "10"]
[TimeControl "180+1"]
[Date "2022.06.21"]
[WhiteClock "0:00:07"]
[BlackClock "0:00:26"]

1. d4 d6 2. Nf3 Bg4 3. e4 Nf6 4. Nc3 e6 5. h3 Bh5 6. g4 Bg6 7. Bd3 Be7 8. Qe2 c6 9. h4 d5 10. g5 Nxe4 11. Nxe4 dxe4 12. Bxe4 Nd7 13. Bd2 Nb6 14. O-O-O Bxe4 15. Qxe4 Qd5 16. Qxd5 cxd5 17. Ne5 Rc8 18. h5 f6 19. Nf3 Nc4 20. h6 g6 21. gxf6 Bxf6 22. Bg5 Rf8 23. Rhe1 Kd7 24. b3 Na3 25. Rd2 Bh8 26. Rde2 Rxf3 27. c4 dxc4 28. Rxe6 cxb3+ 29. Kb2 Nc4+ 30. Kb1 bxa2+ 31. Kxa2 Bxd4 32. Re7+ Kd6 33. R1e6+ Kd5 34. Re2 Ra3+ 35. Kb1 Nd2+ 36. Bxd2 Ra1# 0-1


[Site "https://www.chess.com"]

[Event "Titled Tuesday Blitz June 21 Late 2022"]
[White "Bilych, Olexiy"]
[Black "Dobre, Claudiu-Cristian"]
[WhiteFideId "14156504"]
[BlackFideId "1211854"]
[WhiteElo "2189"]
[BlackElo "2207"]
[Result "1-0"]
[Round "10"]
[TimeControl "180+1"]
[Date "2022.06.21"]
[WhiteClock "0:00:51"]
[BlackClock "0:00:05"]

1. e4 Nc6 2. Nf3 d6 3. d4 Nf6 4. Bd3 e5 5. c3 g6 6. O-O Bg7 7. h3 O-O 8. Be3 d5 9. exd5 Nxd5 10. Bg5 Nde7 11. dxe5 Bf5 12. Bc4 h6 13. Bf6 Qxd1 14. Rxd1 Rad8 15. Na3 Be6 16. Bxe6 fxe6 17. Bxg7 Kxg7 18. Nb5 Nd5 19. c4 Nf4 20. Nxc7 Rc8 21. Nb5 Rcd8 22. Rxd8 Rxd8 23. Kf1 a6 24. Nd6 Rd7 25. Rd1 Kf8 26. h4 b6 27. g3 Nh5 28. Ke2 Ng7 29. Ne4 Rxd1 30. Kxd1 Nf5 31. Ke2 Nfd4+ 32. Nxd4 Nxd4+ 33. Kd3 Nc6 34. f4 Nb4+ 35. Kd4 Nxa2 36. c5 bxc5+ 37. Nxc5 Ke7 38. Nxa6 Nc1 39. b4 Ne2+ 40. Kc5 Nxg3 41. b5 Kd7 42. b6 Ne4+ 43. Kd4 Nd2 44. b7 Nb3+ 45. Kc3 1-0


[Site "https://www.chess.com"]

[Event "Titled Tuesday Blitz June 21 Late 2022"]
[White "Bjelobrk, Igor"]
[Black "Khismatullin, Denis"]
[WhiteFideId "4300726"]
[BlackFideId "4142578"]
[WhiteElo "2335"]
[BlackElo "2543"]
[Result "0-1"]
[Round "10"]
[TimeControl "180+1"]
[Date "2022.06.21"]
[WhiteClock "0:00:15"]
[BlackClock "0:00:31"]

1. Nf3 Nf6 2. d4 d6 3. Nbd2 Nbd7 4. e4 e5 5. dxe5 dxe5 6. a4 Bc5 7. Bc4 O-O 8. O-O c6 9. c3 Qe7 10. b4 Bb6 11. a5 Bc7 12. Qc2 Rd8 13. Re1 Nf8 14. Nb3 Bg4 15. Nfd2 Ne6 16. Nf1 Nf4 17. Ne3 Be6 18. Bxe6 Qxe6 19. Nc5 Qc8 20. Nf5 Re8 21. g3 b6 22. Nb3 Ne6 23. Rd1 g6 24. Nh6+ Kg7 25. Qe2 bxa5 26. Nxa5 c5 27. b5 a6 28. b6 Bxb6 29. Nc4 Bc7 30. Qf3 Rb8 31. Ne3 Rb3 32. Neg4 Bd8 33. Rxa6 Nd4 34. cxd4 Rxf3 35. Rxf6 Bxf6 36. dxe5 Bxe5 37. Nxe5 Rxe5 0-1


[Site "https://www.chess.com"]

[Event "Titled Tuesday Blitz June 21 Late 2022"]
[White "Cappelletto, Joshuaede"]
[Black "Zhurbinsky, David"]
[WhiteFideId "2824383"]
[BlackFideId "2072904"]
[WhiteElo "1761"]
[BlackElo "2570"]
[Result "1-0"]
[Round "10"]
[TimeControl "180+1"]
[Date "2022.06.21"]
[WhiteClock "0:00:29"]
[BlackClock "0:00:03"]

1. Nf3 Nf6 2. g3 e6 3. Bg2 d5 4. O-O c5 5. c4 d4 6. e3 Nc6 7. exd4 cxd4 8. d3 Bd6 9. Bg5 h6 10. Bxf6 Qxf6 11. Nbd2 Bc7 12. a3 O-O 13. b4 a6 14. Rb1 e5 15. a4 Bf5 16. Qb3 a5 17. b5 Nb4 18. Ne1 Rab8 19. Ne4 Qg6 20. Nc2 Bxe4 21. Bxe4 f5 22. Bg2 Rbe8 23. Nxb4 axb4 24. c5+ Kh8 25. b6 Bb8 26. a5 e4 27. Rbe1 e3 28. f4 Rc8 29. Qxb4 Rfe8 30. Bxb7 Rcd8 31. a6 Qf6 32. a7 Bxa7 33. bxa7 Qe7 34. Re2 Qc7 35. Qb6 Qd7 36. c6 Qe7 37. c7 Rd7 38. Rc1 Kh7 39. a8=Q Rxa8 40. Bxa8 Qa3 41. c8=Q Qxd3 42. Bf3 Re7 43. Qb1 Qxb1 44. Rxb1 d3 45. Qxf5+ Kh8 46. Rb8+ Re8 47. Rxe8# 1-0


[Site "https://www.chess.com"]

[Event "Titled Tuesday Blitz June 21 Late 2022"]
[White "Carbone, Diego"]
[Black "Fishbein, Alexander"]
[WhiteFideId "3002179"]
[BlackFideId "2000377"]
[WhiteElo "2199"]
[BlackElo "2442"]
[Result "1-0"]
[Round "10"]
[TimeControl "180+1"]
[Date "2022.06.21"]
[WhiteClock "0:00:39"]
[BlackClock "0:00:25"]

1. d4 Nf6 2. c4 c5 3. d5 b5 4. cxb5 a6 5. bxa6 g6 6. Nc3 Bxa6 7. e4 Bxf1 8. Kxf1 d6 9. g3 Bg7 10. Nf3 O-O 11. Kg2 Qa5 12. Bd2 Nbd7 13. a4 Ng4 14. Nb5 Qb6 15. Qc2 f5 16. exf5 Rxf5 17. h3 Nxf2 18. Rhf1 Rxf3 19. Kxf3 Nd3 20. Kg2 N7e5 21. b3 Qb7 22. Nc3 Rc8 23. a5 c4 24. a6 Qa8 25. Kh2 cxb3 26. Qxb3 Nc4 27. Bf4 Nxf4 28. Rxf4 Nd2 29. Qb7 Bxc3 30. Rc1 Rb8 31. Qxe7 Qxd5 32. Rxc3 Qa2 33. Rf2 Qb2 34. Qf7+ Kh8 35. Qf6+ Kg8 36. Rc8+ 1-0


[Site "https://www.chess.com"]

[Event "Titled Tuesday Blitz June 21 Late 2022"]
[White "Chigaev, Maksim"]
[Black "Diaz Rosas, Julio Cesar"]
[WhiteFideId "4108116"]
[BlackFideId "5105099"]
[WhiteElo "2457"]
[BlackElo "2278"]
[Result "1-0"]
[Round "10"]
[TimeControl "180+1"]
[Date "2022.06.21"]
[WhiteClock "0:00:28"]
[BlackClock "0:00:04"]

1. e4 c5 2. Nf3 Nc6 3. g3 g6 4. Bg2 Bg7 5. O-O e6 6. Re1 d6 7. c3 e5 8. Na3 Nf6 9. d3 O-O 10. Nc4 a6 11. a4 Qc7 12. a5 Be6 13. Qa4 Rad8 14. Ng5 Bd7 15. Nb6 Be8 16. Qa2 h6 17. Nf3 Kh7 18. Nd2 Nb8 19. Ndc4 Nbd7 20. Qb3 Nxb6 21. Qxb6 Qe7 22. b4 Bb5 23. Ba3 d5 24. exd5 Nxd5 25. Qxc5 Qxc5 26. bxc5 Nxc3 27. Nd6 Bc6 28. Nxb7 Bxg2 29. Kxg2 Rxd3 30. Bb2 Rc8 31. Bxc3 Rxc3 32. Rac1 Rb3 33. c6 Rc7 34. Red1 Rb5 35. Rd7 Rc8 36. Rxf7 Kg8 37. Nd6 Bf8 38. Rxf8+ Rxf8 39. Nxb5 axb5 40. c7 1-0


[Site "https://www.chess.com"]

[Event "Titled Tuesday Blitz June 21 Late 2022"]
[White "Clarke, Brandon G I"]
[Black "Ivic, Velimir"]
[WhiteFideId "400319"]
[BlackFideId "950122"]
[WhiteElo "2414"]
[BlackElo "2610"]
[Result "1-0"]
[Round "10"]
[TimeControl "180+1"]
[Date "2022.06.21"]
[WhiteClock "0:00:03"]
[BlackClock "0:00:01"]

1. e4 g6 2. d4 Bg7 3. Nf3 a6 4. Bd3 b6 5. Nc3 Bb7 6. O-O e6 7. Re1 h6 8. Be3 d6 9. Qd2 Ne7 10. a4 Nd7 11. h3 Nf6 12. Rad1 g5 13. e5 Nfd5 14. Ne4 Nxe3 15. Qxe3 Nd5 16. Qd2 Nf4 17. Bf1 Qe7 18. exd6 cxd6 19. Qb4 Bxe4 20. Rxe4 d5 21. Qxb6 O-O 22. Re3 Rfb8 23. Qc6 Rc8 24. Qb6 Rxc2 25. g3 Ng6 26. Rc3 Rxc3 27. bxc3 Qd7 28. Ra1 Qc8 29. Ra3 Ne7 30. a5 Nf5 31. Bd3 Ne7 32. Kg2 Rb8 33. Qxa6 Qc7 34. c4 Nc6 35. cxd5 Nxd4 36. Nxd4 Qc5 37. Nc6 Qxd5+ 38. Kh2 Qc5 39. Nxb8 Qxf2+ 40. Kh1 Bd4 41. Qc8+ Kg7 42. Qc1 Qf3+ 43. Kh2 Bf2 44. Be4 Qxe4 45. Qf1 Bc5 46. Rf3 Qc2+ 47. Qg2 Qb1 48. Nd7 Bd4 49. Nb6 Qb5 50. Qd2 e5 51. Qd3 Qb2+ 52. Kh1 Qc1+ 53. Qf1 1-0


[Site "https://www.chess.com"]

[Event "Titled Tuesday Blitz June 21 Late 2022"]
[White "Colpe, Malte"]
[Black "Jian, Alex"]
[WhiteFideId "24623075"]
[BlackFideId "30901022"]
[WhiteElo "2524"]
[BlackElo "2451"]
[Result "1/2-1/2"]
[Round "10"]
[TimeControl "180+1"]
[Date "2022.06.22"]
[WhiteClock "0:00:02"]
[BlackClock "0:00:03"]

1. d4 d5 2. c4 c6 3. Nc3 Nf6 4. e3 g6 5. Nf3 Bg7 6. Be2 O-O 7. O-O dxc4 8. Bxc4 Nbd7 9. e4 b5 10. Bd3 e5 11. dxe5 Ng4 12. Bg5 Qb6 13. e6 fxe6 14. h3 Nge5 15. Nxe5 Nxe5 16. Be2 Bb7 17. Kh1 Rxf2 18. Qd6 Re8 19. Bf4 Nf7 20. Qd7 Rd8 21. Qxe6 Bc8 22. Qb3 Bxc3 23. bxc3 Rxe2 24. Bg5 Rd7 25. Qe6 Rf2 26. Qe8+ Kg7 27. Qxc8 Rdd2 28. Qe6 Nxg5 29. Qe5+ Kh6 30. h4 Nf7 31. Qe7 Rxg2 32. Qf8+ Kh5 33. Rf5+ gxf5 34. Qxf7+ Kh6 35. Qf6+ Rg6 36. Qf8+ Rg7 37. Qf6+ Rg6 38. Qf8+ Kh5 39. Qxf5+ Kh6 40. Qf8+ Kh5 41. Qf5+ Kh6 42. Qf8+ Rg7 43. Qf6+ Rg6 44. Qf8+ 1/2-1/2


[Site "https://www.chess.com"]

[Event "Titled Tuesday Blitz June 21 Late 2022"]
[White "D`Arruda, Ricardo D."]
[Black "Prieto Aranguren, Alain"]
[WhiteFideId "100692"]
[BlackFideId "2268906"]
[WhiteElo "2491"]
[BlackElo "2224"]
[Result "1-0"]
[Round "10"]
[TimeControl "180+1"]
[Date "2022.06.22"]
[WhiteClock "0:00:57"]
[BlackClock "0:00:07"]

1. d4 d5 2. Nf3 c6 3. g3 g6 4. Bg2 Bg7 5. O-O Nf6 6. Nbd2 O-O 7. Ne5 Nbd7 8. Ndf3 Ne4 9. Nxd7 Bxd7 10. c3 Qc8 11. Re1 Bh3 12. Bh1 a5 13. Ne5 a4 14. f3 Nd6 15. e4 a3 16. b3 c5 17. exd5 cxd4 18. cxd4 Qc3 19. Be3 Nf5 20. Bf2 Rac8 21. g4 Nd6 22. Nd3 Bxd4 23. Bxd4 Qxd4+ 24. Nf2 Qb6 25. Qd2 f5 26. Qe3 Qxe3 27. Rxe3 fxg4 28. fxg4 Rxf2 29. Kxf2 Bxg4 30. Bf3 Bf5 31. b4 Rc4 32. Rxa3 Rxb4 33. Rb3 Rc4 34. Re1 Kf7 35. Re2 h5 36. Rbe3 Nc8 37. d6 exd6 38. Bd5+ 1-0


[Site "https://www.chess.com"]

[Event "Titled Tuesday Blitz June 21 Late 2022"]
[White "De La Colina, Nicolas"]
[Black "Estrada Nieto, Julian"]
[WhiteFideId "30946921"]
[BlackFideId "5101018"]
[WhiteElo "2046"]
[BlackElo "2252"]
[Result "1-0"]
[Round "10"]
[TimeControl "180+1"]
[Date "2022.06.22"]
[WhiteClock "0:00:27"]
[BlackClock "0:00:45"]

1. e4 e5 2. Nf3 Nc6 3. Bc4 Bc5 4. O-O d6 5. c3 Nf6 6. Re1 Bb6 7. d3 a6 8. Bb3 O-O 9. Bg5 h6 10. Bh4 g5 11. Bg3 Bg4 12. Nbd2 Nh5 13. Nc4 Qf6 14. Ne3 Bxf3 15. Qxf3 Qxf3 16. gxf3 Ne7 17. Rad1 Kg7 18. d4 f6 19. Be6 Nf4 20. Bxf4 gxf4 21. Nc4 Ng6 22. Nxb6 cxb6 23. Kf1 Rad8 24. Ke2 Nh4 25. Rg1+ Kh7 26. Rg4 Rfe8 27. d5 Rxe6 28. dxe6 Ng6 29. Rdg1 Rg8 30. e7 Nxe7 31. Rxg8 Nxg8 32. Rd1 Kg7 33. Rxd6 Kf7 34. Rxb6 Ne7 35. Rxb7 Ke6 36. Rb6+ Kf7 37. Rxa6 h5 38. Ra7 Ke6 39. Rxe7+ Kxe7 40. Kd3 Kd6 41. Kc4 Kc6 42. a4 h4 43. b4 h3 44. a5 Kb7 45. b5 1-0


[Site "https://www.chess.com"]

[Event "Titled Tuesday Blitz June 21 Late 2022"]
[White "Deac, Bogdan-Daniel"]
[Black "Shimanov, Aleksandr"]
[WhiteFideId "1226380"]
[BlackFideId "4198603"]
[WhiteElo "2648"]
[BlackElo "2605"]
[Result "1-0"]
[Round "10"]
[TimeControl "180+1"]
[Date "2022.06.21"]
[WhiteClock "0:00:20"]
[BlackClock "0:00:02"]

1. d4 Nf6 2. c4 e6 3. Nf3 d5 4. g3 Nbd7 5. Bg2 c6 6. Qc2 Be7 7. O-O O-O 8. Nbd2 b6 9. e4 dxc4 10. Nxc4 Bb7 11. Bf4 c5 12. Rfe1 cxd4 13. Nd6 Bxd6 14. Bxd6 d3 15. Qxd3 Bxe4 16. Qd4 e5 17. Qa4 Re8 18. Rad1 Bxf3 19. Bxf3 e4 20. Be2 a6 21. Bxa6 Nb8 22. Be5 Qe7 23. Bxf6 gxf6 24. Rxe4 Qxe4 25. Qxe4 Rxe4 26. Bb7 Rxa2 27. Rd8+ Kg7 28. Bxe4 Na6 29. Ra8 Nb4 30. Rxa2 Nxa2 31. Kf1 h6 32. Ke2 Nb4 33. Ke3 Kf8 34. Kd4 Ke7 35. Kc4 Na6 36. Kb5 Nc5 37. Bc2 Nd7 38. Bf5 Ne5 39. b4 Nf3 40. Kxb6 Kd6 41. b5 Nd4 42. Bd3 Ne6 43. Ka7 Nc5 44. b6 Ke5 45. b7 Nxb7 46. Kxb7 f5 47. Kc6 f4 48. Kc5 fxg3 49. hxg3 Kf6 50. f4 Ke6 51. Kd4 Kd6 52. Bf5 f6 53. Ke4 Ke7 54. Kd5 h5 55. Kc6 1-0


[Site "https://www.chess.com"]

[Event "Titled Tuesday Blitz June 21 Late 2022"]
[White "Desideri, Ricardo Maruchi"]
[Black "Khan, Taffin"]
[WhiteFideId "2110440"]
[BlackFideId "19700024"]
[WhiteElo "1945"]
[BlackElo "1957"]
[Result "0-1"]
[Round "10"]
[TimeControl "180+1"]
[Date "2022.06.22"]
[WhiteClock "0:00:08"]
[BlackClock "0:01:01"]

1. e4 c5 2. Nf3 a6 3. c4 Nc6 4. d4 cxd4 5. Nxd4 e6 6. Be3 Nf6 7. Nc3 Bb4 8. f3 O-O 9. Be2 d5 10. cxd5 exd5 11. Nxc6 bxc6 12. Bg5 dxe4 13. Qxd8 Rxd8 14. fxe4 Re8 15. Bxf6 gxf6 16. O-O Bxc3 17. bxc3 Rxe4 18. Bf3 Rc4 19. Rad1 Be6 20. Rd3 Rb8 21. Rfd1 Rb2 22. Rd8+ Kg7 23. a4 Rxc3 24. Ra8 Bb3 25. Ra1 Bc4 26. a5 Bb5 27. Ra7 Rcc2 28. Re1 Bc4 29. h3 Bd5 30. Bxd5 cxd5 31. Ree7 Rxg2+ 32. Kf1 Rgf2+ 33. Ke1 Rh2 34. Rxf7+ Kg6 35. Rg7+ Kf5 0-1


[Site "https://www.chess.com"]

[Event "Titled Tuesday Blitz June 21 Late 2022"]
[White "Dilmukhametov, Artur"]
[Black "Vivas Zamora, Fabian Ernesto"]
[WhiteFideId "24179922"]
[BlackFideId "3902480"]
[WhiteElo "2206"]
[BlackElo "2014"]
[Result "1-0"]
[Round "10"]
[TimeControl "180+1"]
[Date "2022.06.22"]
[WhiteClock "0:01:34"]
[BlackClock "0:00:01"]

1. e4 e5 2. Nf3 Nc6 3. Bb5 f5 4. Nc3 fxe4 5. Nxe4 Nf6 6. Nxf6+ Qxf6 7. d4 Nxd4 8. Nxd4 exd4 9. O-O Be7 10. Bd3 O-O 11. Qh5 g6 12. Qe2 d5 13. Bh6 Re8 14. f4 Bf5 15. Qf3 Bxd3 16. Qxd5+ Qf7 17. Qxf7+ Kxf7 18. cxd3 Bf6 19. Rae1 Re3 20. Rxe3 dxe3 21. f5 e2 22. Rb1 Bd4+ 23. Kh1 gxf5 24. Bd2 Bf2 25. g3 Re8 26. Be1 Bxe1 27. Rxe1 Re3 28. Kg2 h5 29. d4 Ke6 30. Kf2 Re4 31. Rxe2 Kd5 32. Rc2 Rxd4 33. Rxc7 Rd2+ 34. Ke3 Rxb2 35. h4 Kd6 36. Rh7 Rxa2 37. Rxb7 Ra4 38. Rh7 Ke5 39. Rxh5 Ra3+ 40. Kf2 Ke4 41. Kg2 Ra2+ 42. Kh3 a5 43. Rh8 Kf3 44. Rf8 Ke4 45. Re8+ Kd4 46. h5 Ra1 47. Kg2 a4 48. h6 Ra2+ 49. Kh3 Ra1 50. Re2 Rh1+ 51. Rh2 Re1 52. h7 Re8 53. Kh4 Rh8 54. Kg5 a3 55. Kg6 Kc3 56. Kg7 Ra8 57. h8=Q Rxh8 58. Kxh8 Kd3 59. Ra2 1-0


[Site "https://www.chess.com"]

[Event "Titled Tuesday Blitz June 21 Late 2022"]
[White "Domingo Nunez, Ruben"]
[Black "Zhigalko, Sergei"]
[WhiteFideId "22245570"]
[BlackFideId "13502956"]
[WhiteElo "2376"]
[BlackElo "2662"]
[Result "1-0"]
[Round "10"]
[TimeControl "180+1"]
[Date "2022.06.21"]
[WhiteClock "0:00:18"]
[BlackClock "0:00:01"]

1. Nf3 d5 2. b3 Bf5 3. Bb2 e6 4. g3 Nf6 5. Bg2 h6 6. O-O Be7 7. d3 O-O 8. Nbd2 a5 9. a4 Na6 10. Ne5 c6 11. e4 Bh7 12. Kh1 Qc7 13. Qe2 Rad8 14. Rad1 Nb4 15. Rc1 b5 16. exd5 exd5 17. axb5 cxb5 18. c3 Na6 19. c4 dxc4 20. dxc4 b4 21. Nc6 Rde8 22. Nxe7+ Rxe7 23. Qf3 Ne4 24. Rfd1 Nac5 25. Nf1 Ng5 26. Qg4 Nxb3 27. h4 f5 28. Qh5 Ne4 29. Rc2 a4 30. Ne3 Nxg3+ 31. fxg3 Rxe3 32. Bd5+ Kh8 33. Qxh6 a3 34. Qxe3 axb2 35. Qxb3 f4 36. Rf2 Qc5 37. Kg2 fxg3 38. Rxf8+ Qxf8 39. Qxb2 Qf4 40. Rf1 1-0


[Site "https://www.chess.com"]

[Event "Titled Tuesday Blitz June 21 Late 2022"]
[White "Florescu, Codrut-Constantin"]
[Black "Peatman, Carter"]
[WhiteFideId "1202200"]
[BlackFideId "2096480"]
[WhiteElo "2191"]
[BlackElo "2490"]
[Result "1-0"]
[Round "10"]
[TimeControl "180+1"]
[Date "2022.06.21"]
[WhiteClock "0:00:43"]
[BlackClock "0:00:05"]

1. d4 d5 2. Nf3 e6 3. c4 c5 4. e3 Nf6 5. Nc3 a6 6. a3 dxc4 7. Bxc4 cxd4 8. exd4 Be7 9. O-O O-O 10. Bg5 b5 11. Bd3 Bb7 12. Qc2 h6 13. Bxf6 Bxf6 14. Be4 Nc6 15. Rad1 Qb6 16. d5 Na5 17. dxe6 Qxe6 18. Nd5 Rac8 19. Qb1 Rfd8 20. Bf5 Qc6 21. Bxc8 Rxc8 22. Nxf6+ Qxf6 23. Nd4 Nc4 24. b3 Ne5 25. Qf5 Qe7 26. Rfe1 Rc5 27. Qf4 Rd5 28. Nf5 Nf3+ 29. gxf3 Rxf5 30. Rxe7 Rxf4 31. Rxb7 Rxf3 32. Rd8+ Kh7 33. Rdd7 Kg6 34. Rb6+ f6 35. Rbb7 Kf5 36. Rxg7 Rxb3 37. Rg3 Rb2 38. Rb6 a5 39. Rf3+ Ke5 40. Rbxf6 b4 41. R6f5+ Ke4 42. R5f4+ Ke5 43. Rh4 a4 44. Rxb4 Ra2 45. Rxa4 Ra1+ 46. Kg2 Ra2 47. Rb3 Rb2 48. Rxb2 1-0


[Site "https://www.chess.com"]

[Event "Titled Tuesday Blitz June 21 Late 2022"]
[White "Flynn, Jacob"]
[Black "Fiorito, Fabian"]
[WhiteFideId "2509393"]
[BlackFideId "100200"]
[WhiteElo "1896"]
[BlackElo "2395"]
[Result "0-1"]
[Round "10"]
[TimeControl "180+1"]
[Date "2022.06.22"]
[WhiteClock "0:00:01"]
[BlackClock "0:00:17"]

1. d4 Nf6 2. c4 b6 3. Nc3 Bb7 4. Qc2 d5 5. cxd5 Nxd5 6. e4 Nxc3 7. bxc3 e6 8. Bd3 c5 9. Nf3 Nc6 10. Bb2 Be7 11. O-O O-O 12. Rfd1 Qc7 13. Rac1 Rac8 14. Qe2 Na5 15. Ne5 f6 16. Nf3 Rfd8 17. h4 Qf4 18. g3 Qg4 19. Qe3 Bf8 20. Nh2 Qh5 21. Be2 Qg6 22. Bd3 Qf7 23. Nf3 Kh8 24. Bf1 Bd6 25. e5 fxe5 26. Ng5 Qe8 27. dxe5 Bb8 28. Bd3 h6 29. Nh3 Qc6 30. f3 Qxf3 31. Qxf3 Bxf3 32. Rd2 c4 33. Rf2 Rxd3 34. Rcf1 Bd5 35. Nf4 Rxg3+ 36. Kh2 Rg4 37. Kh3 Rxf4 38. Rxf4 Bxe5 39. Rf8+ Rxf8 40. Rxf8+ Kh7 41. Re8 Nc6 42. Ba3 b5 43. Bf8 b4 44. cxb4 c3 0-1


[Site "https://www.chess.com"]

[Event "Titled Tuesday Blitz June 21 Late 2022"]
[White "Gallegos Diaz, Carlos Alberto"]
[Black "Stanisz, Patryk"]
[WhiteFideId "3900886"]
[BlackFideId "1123106"]
[WhiteElo "2362"]
[BlackElo "1833"]
[Result "1-0"]
[Round "10"]
[TimeControl "180+1"]
[Date "2022.06.22"]
[WhiteClock "0:00:07"]
[BlackClock "0:00:04"]

1. e4 c5 2. Nf3 Nc6 3. Bb5 g6 4. O-O Bg7 5. Re1 Nf6 6. c3 O-O 7. e5 Nd5 8. d4 cxd4 9. cxd4 Nc7 10. Ba4 d5 11. h3 Bf5 12. Nc3 Rb8 13. Bg5 b5 14. Bb3 a5 15. Rc1 Qd7 16. a3 b4 17. Na4 Ne6 18. Nc5 Nxc5 19. Rxc5 bxa3 20. bxa3 Be4 21. Ba4 Rfc8 22. Qc1 Rb6 23. Qc3 Bxf3 24. gxf3 Qf5 25. h4 h6 26. Be3 Na7 27. Qxa5 Rxc5 28. dxc5 Rb1 29. Rxb1 Qxb1+ 30. Kg2 Bxe5 31. Qxa7 Qf5 32. Qa8+ Kg7 33. Qxd5 g5 34. Qe4 Qf6 35. hxg5 hxg5 36. Qg4 Bf4 37. Bxf4 Qxf4 38. Qxf4 gxf4 39. c6 Kf6 40. c7 Ke5 41. c8=Q f5 42. Qf8 e6 43. Qg7+ Kd6 44. Bd7 Kc5 45. Bxe6 Kb5 46. Bxf5 Ka5 47. Qb2 Ka6 48. Bd7 Ka7 49. Bc6 Ka6 50. Qb5+ Ka7 51. Qb7# 1-0


[Site "https://www.chess.com"]

[Event "Titled Tuesday Blitz June 21 Late 2022"]
[White "Gimenez Aguirre, Alejo Ismael"]
[Black "Isajevsky, Anton"]
[WhiteFideId "32041667"]
[BlackFideId "4142500"]
[WhiteElo "2464"]
[BlackElo "2572"]
[Result "1-0"]
[Round "10"]
[TimeControl "180+1"]
[Date "2022.06.22"]
[WhiteClock "0:01:09"]
[BlackClock "0:00:01"]

1. e4 g6 2. d4 Bg7 3. Nc3 a6 4. Be3 b5 5. a4 b4 6. Nce2 Bb7 7. f3 d6 8. a5 Nd7 9. Qd2 c5 10. Nh3 Ngf6 11. Nf2 O-O 12. g4 cxd4 13. Nxd4 d5 14. g5 Nh5 15. Qxb4 Rb8 16. Qd2 e5 17. Nb3 d4 18. O-O-O dxe3 19. Qxe3 Qc7 20. h4 Rfc8 21. Rd2 Nf4 22. Ng4 Rd8 23. Be2 Nf8 24. Rhd1 N8e6 25. Bf1 Rxd2 26. Rxd2 Nd4 27. Nxd4 exd4 28. Qa3 Bc8 29. Nf6+ Bxf6 30. gxf6 Qe5 31. c3 Qxf6 32. Rxd4 Ne6 33. Qd6 Ra8 34. e5 Qxf3 35. Bc4 1-0


[Site "https://www.chess.com"]

[Event "Titled Tuesday Blitz June 21 Late 2022"]
[White "Goltseva, Ekaterina"]
[Black "Konaplev, Anton"]
[WhiteFideId "24173770"]
[BlackFideId "24165646"]
[WhiteElo "2542"]
[BlackElo "2428"]
[Result "0-1"]
[Round "10"]
[TimeControl "180+1"]
[Date "2022.06.22"]
[WhiteClock "0:00:10"]
[BlackClock "0:00:08"]

1. d4 d5 2. c4 e6 3. Nc3 Be7 4. cxd5 exd5 5. Bf4 c6 6. e3 Bf5 7. g4 Be6 8. h4 Nf6 9. f3 O-O 10. Bd3 c5 11. Nge2 Nc6 12. h5 Nd7 13. h6 g6 14. Qd2 Bf6 15. Nb5 a6 16. Nc7 cxd4 17. exd4 Rc8 18. Nxe6 fxe6 19. Be3 Qa5 20. Qxa5 Nxa5 21. g5 Be7 22. Kf2 Bd6 23. b3 Rf7 24. f4 e5 25. dxe5 Nxe5 26. Rad1 Ng4+ 27. Kf3 Nxe3 28. Kxe3 Nc6 29. Bb1 Re8+ 30. Kf3 Rfe7 31. Rhe1 Re3+ 32. Kf2 Bc5 33. Kf1 Rf3+ 34. Kg2 Rf2+ 35. Kg3 Rfxe2 36. Rxe2 Rxe2 37. Rxd5 Bd4 38. f5 gxf5 39. Bxf5 Re7 40. b4 Bb6 41. b5 axb5 42. Rxb5 Bc7+ 43. Kg4 Ne5+ 44. Kh5 Bd6 45. Rd5 Nf7 46. g6 hxg6+ 47. Bxg6 Re5+ 48. Rxe5 Nxe5 49. Be4 b6 50. h7+ Kg7 51. Kg5 Nf7+ 52. Kf5 Bc5 53. Ke6 Ng5+ 54. Kd5 Nxe4 55. Kxe4 Kxh7 56. a4 Bb4 57. Kd5 Ba5 58. Kc6 Kg6 59. Kb5 Kf5 60. Kc4 Ke4 61. Kb5 Kd4 62. Ka6 Kc4 63. Kb7 Kb4 64. Ka7 Kxa4 65. Ka6 Kb4 66. Kb7 Kc5 67. Ka7 Be1 68. Ka8 b5 0-1


[Site "https://www.chess.com"]